 Dungeon Crawl Stone Soup version 0.28.0 (webtiles) character file.

Game seed: 7782067597837425884

391 croobank the Skirmisher (level 6, -4/66 HPs)
             Began as an Ogre Abyssal Knight on Feb 9, 2022.
             Was a Believer of Lugonu.
             Slain by a wyvern zombie (10 damage)
             ... on level 5 of the Dungeon.
             The game lasted 00:13:28 (4794 turns).

croobank the Skirmisher (Ogre Abyssal Knight)       Turns: 4794, Time: 00:13:28

Health: -4/66      AC:  3    Str: 20    XL:     6   Next: 80%
Magic:  7/7        EV: 10    Int: 11    God:    Lugonu [**....]
Gold:   1342       SH:  0    Dex:  9    Spells: 5/5 levels left

rFire   . . .      SeeInvis .   a - +2 hand axe
rCold   . . .      Faith    .   f - orb {light}
rNeg    . . .      Spirit   .   m - +0 robe
rPois   .          Reflect  .   (helmet restricted)
rElec   .          Harm     .   (no cloak)
rCorr   .          Rampage  .   (gloves unavailable)
Will    .....                   (boots unavailable)
Stlth   +.........              (no amulet)
HPRegen 0.21/turn               (no ring)
MPRegen 0.10/turn               (no ring)

@: hasted, glowing, very quick
A: large, unfitting armour, tough skin 1
a: Renounce Religion, Depart the Abyss, Bend Space


You were on level 5 of the Dungeon.
You worshipped Lugonu.
Lugonu was pleased with you.
You visited 1 branch of the dungeon, and saw 5 of its levels.
You visited the Abyss 1 time.

You collected 1342 gold pieces.

Inventory:

Hand Weapons
 a - a +2 hand axe (weapon)
 b - a +0 hunting sling
 o - a +2 flail of protection
 r - a +0 whip of electrocution
Missiles
 d - 195 stones
 e - 8 javelins (quivered)
 h - 54 arrows
 j - 9 poisoned darts
 w - 11 bolts
Armour
 f - an orb of light (worn)
 m - a +0 robe (worn)
Magical Staves
 l - a staff of conjuration
 B - a staff of cold
Wands
 q - a wand of charming (6)
Scrolls
 i - 2 scrolls of vulnerability
 t - a scroll of brand weapon {unknown}
 u - a scroll of magic mapping
 v - a scroll of noise {unknown}
 y - a scroll of fog {unknown}
 C - a scroll of teleportation {unknown}
Potions
 c - a potion of haste
 g - a potion of attraction {unknown}
 k - 3 potions of ambrosia
 n - a potion of degeneration {unknown}
 p - a potion of might
 s - 2 potions of mutation {unknown}
 x - a potion of heal wounds {unknown}
 z - 2 potions of invisibility {unknown}
 A - 2 potions of curing {unknown}


   Skills:
 + Level 5.6 Fighting
 + Level 5.3 Axes
 + Level 3.3 Dodging
 + Level 1.0 Stealth
 + Level 2.1 Invocations


You had 5 spell levels left.
You didn't know any spells.
Your spell library contained the following spells:

 Spells                   Type           Power      Damage    Failure   Level
 Magic Dart               Conj           0%         1d3       34%         1
 Pain                     Necr           0%         1d4       34%         1
 Call Imp                 Summ           0%         N/A       47%         2
 Mephitic Cloud           Conj/Pois/Air  0%         N/A       71%         3
 Agony                    Necr           0%         N/A       100%        5
 Excruciating Wounds      Necr           0%         N/A       100%        5


Dungeon Overview and Level Annotations

Branches:
Dungeon (5/15)
 Temple: D:4-7

Altars:

Shops:
D:3 (


Innate Abilities, Weirdness & Mutations

You are too large for most types of armour.
You have tough skin. (AC +1)


Message History

C - a scroll labelled LULUTO MIFFAHYM Throw: 10 javelins
Press: ? - help, Q - select action, (/) - cycle Shift-Dir - straight line, f - wyvern zombie
Aim: a wyvern zombie (76% to hit)
You throw a javelin.
The javelin barely misses the wyvern zombie.
Unknown command.
Throw: 9 javelins
Press: ? - help, Q - select action, (/) - cycle Shift-Dir - straight line, f/p - wyvern zombie
Aim: a wyvern zombie (haloed, 97% to hit)
You throw a javelin.
The javelin pierces through the wyvern zombie.
The wyvern zombie is lightly damaged.
You slash the wyvern zombie!
The wyvern zombie is moderately damaged.
The wyvern zombie bites you! x2
You slash the wyvern zombie!
The wyvern zombie is heavily damaged.
The wyvern zombie closely misses you.
You hit the wyvern zombie.
The wyvern zombie is heavily damaged.
The wyvern zombie bites you! The wyvern zombie barely misses you.
You hit the wyvern zombie.
The wyvern zombie is severely damaged.
The wyvern zombie misses you.
You hit the wyvern zombie but do no damage.
The wyvern zombie is severely damaged.
The wyvern zombie bites you!
You hit the wyvern zombie.
The wyvern zombie is severely damaged.
The wyvern zombie bites you! The wyvern zombie misses you.
You hit the wyvern zombie but do no damage.
The wyvern zombie is severely damaged.
The wyvern zombie bites you!
* * * LOW HITPOINT WARNING * * *
You feel yourself speed up. The wyvern zombie closely misses you.
The wyvern zombie bites you!
* * * LOW HITPOINT WARNING * * *
The wyvern zombie bites you!
You die...

#...#....##
...##.#### #####.#
#### #.# #..# #.#
###..# #.##
#######....# #..#
##.........##
######.###.......Z.##
................@..#
######.####........#
#..###......<.#
##..##........#
##.##........#
#.#..###..### #...##
#..# ##..# #..##
#..##(..#


You could see a wyvern zombie.

Vanquished Creatures
  A kobold brigand (D:4)
  A bullfrog zombie (D:3)
  A hound (D:4)
  A jelly (D:5)
  An orc priest (D:2)
  An iguana (D:5)
  A howler monkey skeleton (D:5)
  6 adders
  3 worms
  9 dart slugs
  5 orcs
  6 endoplasms
  3 giant cockroaches
  9 goblins
  5 hobgoblins
  4 jackals (D:2)
  4 quokkas
  6 ball pythons
  4 bats
  A frilled lizard (D:3)
  8 kobolds
  3 rats (D:1)
83 creatures vanquished.

Vanquished Creatures (others)
  A plant (D:2)
1 creature vanquished.

Grand Total: 84 creatures vanquished

Notes
Turn   | Place    | Note
-------+----------+-------------------------------------------
     0 | Abyss:1  | croobank the Ogre Abyssal Knight began the quest for the
                  | Orb.
     0 | Abyss:1  | Reached XP level 1. HP: 24/24 MP: 2/2
    56 | Abyss:2  | Noticed a large abomination
    97 | Abyss:2  | Noticed a smoke demon
    99 | D:1      | Escaped the Abyss
   402 | D:1      | Reached XP level 2. HP: 25/32 MP: 3/3
   420 | D:1      | Reached * piety under Lugonu
   993 | D:2      | Reached XP level 3. HP: 34/40 MP: 4/4
  1322 | D:2      | Reached XP level 4. HP: 44/49 MP: 5/5
  1889 | D:2      | Reached XP level 5. HP: 37/55 MP: 6/6
  2016 | D:2      | Reached skill level 5 in Fighting
  2140 | D:2      | Identified a scroll of acquirement
  2140 | D:2      | Acquired 1203 gold pieces
  2429 | D:3      | Found Keigedat's Antique Weapon Shop.
  2900 | D:3      | Reached ** piety under Lugonu
  3611 | D:4      | Reached XP level 6. HP: 56/66 MP: 7/7
  4007 | D:4      | Identified the +1 leather armour of the Stars {rPois Int+2
                  | Dex+4}
  4297 | D:4      | Reached skill level 5 in Axes
  4497 | D:5      | Entered Level 5 of the Dungeon
  4678 | D:5      | Reached skill level 1 in Stealth
  4794 | D:5      | Slain by a wyvern zombie

Illustrated notes

Levels and vault maps discovered:
D:1:      dpeg_arrival_long_road, layout_loops_ring, minmay_tromino_v4_b
D:2:      layout_loops_cross, chequers_serial_rivers_micro_e,
          minmay_shallow_snake_nest
D:3:      kennysheep_slugbush, layout_basic, serial_shops,
          nicolae_shop_competitors_out_of_business
D:4:      layout_loops_ring, serial_glass, glass_columns_b, glass_columns_a
D:5:      layout_rooms, temple_hall

Skill      XL: |  1  2  3  4  5  6 |
---------------+-------------------+-----
Axes           | 3 4 5 |  5.3
Fighting       | 5 |  5.6
Dodging        | 3 |  3.3
Stealth        | 1 |  1.0
Invocations    | |  2.1

Action                   |  1- 3 |  4- 6 || total
-------------------------+-------+-------++-------
Melee: Hand axe          |    68 |   174 ||   242
Throw: Javelin           |       |     5 ||     5
Invok: Depart the Abyss  |     1 |       ||     1
  Use: Scroll            |       |    11 ||    11
       Potion            |       |     1 ||     1
Armor: Robe              |    30 |    32 ||    62
Dodge: Dodged            |    47 |    84 ||   131
